 Dungeon Crawl Stone Soup version 0.21.1-1-g345015fe64 (webtiles) character file.

8212 Freyura the Protected (level 11, -2/97 HPs)
             Began as a Minotaur Fighter on May 20, 2018.
             Was an Elder of Makhleb.
             Killed from afar by a gargoyle (18 damage)
             ... with a stone arrow
             ... on level 9 of the Dungeon.
             The game lasted 00:27:36 (7916 turns).

Freyura the Protected (Minotaur Fighter)            Turns: 7916, Time: 00:27:36

Health: -2/97      AC: 17    Str: 23    XL:     11   Next: 6%
Magic:  1/1        EV:  9    Int:  1    God:    Makhleb [****..]
Gold:   243        SH: 14    Dex: 12    Spells: 10/10 levels left

rFire    + + +     SeeInvis +   z - +10 mace of Harmony {pain, rF+++ MP-9 Str+3 Int-4}
rCold    . . .     Gourm    .   c - +0 shield
rNeg     . . .     Faith    .   p - +0 plate armour
rPois    .         Spirit   .   D - +0 hat
rElec    .         Reflect  +   s - +0 cloak
rCorr    .         Harm     .   (no gloves)
MR       .....                  (no boots)
Stlth    ..........             C - +2 amulet of reflection
HPRegen  0.26/turn              l - ring of see invisible
MPRegen  0.07/turn              y - +2 ring of protection

@: no status effects
A: retaliatory headbutt, horns 2, clumsy 1
a: Minor Destruction, Lesser Servant of Makhleb, Major Destruction, Renounce
Religion


You were on level 9 of the Dungeon.
You worshipped Makhleb.
Makhleb was greatly pleased with you.
You were hungry.

You visited 1 branch of the dungeon, and saw 9 of its levels.

You collected 441 gold pieces.
You spent 198 gold pieces at shops.

Inventory:

Hand Weapons
 z - the +10 mace of Harmony (weapon) {pain, rF+++ MP-9 Str+3 Int-4}
   (You found it on level 6 of the Dungeon)

   In the hands of one skilled in necromantic magic, it inflicts extra damage on
   living creatures.
   It affects your strength (+3).
   It affects your intelligence (-4).
   It renders you almost immune to fire.
   It affects your magic capacity (-9).
Armour
 c - a +0 shield (worn)
 e - a +0 chain mail
 p - a +0 plate armour (worn)
 s - a +0 cloak (worn)
 D - a +0 hat (worn)
 G - the +1 scale mail of Royalty {*Contam rC- Str+2 Int+8}
   (You bought it in a shop on level 9 of the Dungeon)

   It affects your strength (+2).
   It affects your intelligence (+8).
   It makes you vulnerable to cold.
   It causes magical contamination when unequipped.
Jewellery
 a - an uncursed ring of ice {unknown}
 l - a ring of see invisible (left hand)
 m - an uncursed ring of magical power
 w - an uncursed ring of magical power
 y - a +2 ring of protection (right hand)
 C - a +2 amulet of reflection (around neck)
Wands
 b - a wand of iceblast (13)
 d - a wand of flame (67)
Scrolls
 i - 2 scrolls of identify
 o - 6 scrolls of teleportation
 t - a scroll of remove curse
 v - a scroll of blinking {unknown}
 x - a scroll of immolation {unknown}
 E - a scroll of fear {unknown}
Potions
 g - 2 potions of agility
 j - a potion of lignification
 k - 3 potions of flight
 n - a potion of resistance
 r - 2 potions of curing
 u - a potion of cancellation
 A - 4 potions of haste
 B - a potion of berserk rage
 F - a potion of might
Comestibles
 f - 12 rations
 h - a chunk of flesh


   Skills:
 + Level 9.2 Fighting
   Level 8.2 Long Blades
 * Level 9.0 Maces & Flails
 + Level 9.2 Armour
 + Level 7.5 Dodging
 + Level 9.1 Shields


You had 10 spell levels left.
You didn't know any spells.

Dungeon Overview and Level Annotations

Branches:
Dungeon (9/15)             Temple (0/1) D:6
   Lair: D:8-11         Orc: D:9-12

Altars:
Cheibriados
Dithmenos
Gozag
Makhleb
Ru
Yredelemnul
Zin

Shops:
D:9 *


Innate Abilities, Weirdness & Mutations

You reflexively headbutt those who attack you in melee.
You have a pair of horns on your head.
You are clumsy. (Dex -2)


Message History

The hungry ghost hits you.
You are feeling hungry.
You sock the hungry ghost!
You destroy the hungry ghost!
Makhleb accepts your kill.
You feel better. You block the centaur's attack.
The gargoyle hits you with a mace!
* * * LOW HITPOINT WARNING * * *
The centaur hits you.
* * * LOW HITPOINT WARNING * * *
You hit the gargoyle but do no damage. The centaur closely misses you.
You furiously retaliate!
You headbutt the centaur.
The gargoyle hurls a stone arrow at you.
The stone arrow hits you!
* * * LOW HITPOINT WARNING * * *
You hit the gargoyle but do no damage.
The centaur hits you but does no damage.
The gargoyle hurls a stone arrow at you.
The stone arrow hits you!
You die...

##.########+#.##+#
#.......
#.................
........
#.....§....(....
........ #......†.#
........ ########(#
........ #.....')#
........ #.....#.#
........ #.....c9#
........ #.....#@# ..
........ ########(# ..
........
#......:.##.###.
........
#...............
.##.####
#............... .. #
#............... +
+.(............. #
#....######.###...###.
#.††)#........#.......


You could see a gargoyle and a centaur.

Vanquished Creatures
  A two-headed ogre (D:8)
  An unseen horror (D:7)
  Pikel (D:4)
  Joseph (D:8)
  Maurice (D:8)
  Prince Ribbit (D:8)
  A hippogriff (D:9)
  Sigmund (D:4)
  A shadow (D:9)
  Grum (D:9)
  2 hungry ghosts
  A vampire mosquito (D:9)
  Menkaure (D:4)
  Edmund (D:6)
  A water moccasin (D:6)
  3 sky beasts
  2 phantoms
  3 orc warriors
  4 ice beasts
  2 black bears
  2 eyes of draining
  5 ogres
  3 wolves (D:9)
  A centaur (D:8)
  A big kobold (D:7)
  4 bullfrogs
  A water moccasin skeleton (D:7)
  A jelly (D:8)
  A scorpion (D:4)
  4 killer bees (D:9)
  4 howler monkeys
  A crimson imp (D:7)
  5 hounds
  6 orc priests
  A bullfrog skeleton (D:9)
  An iguana (D:4)
  10 orc wizards
  6 worker ants
  A spectral worker ant (D:9)
  A hound skeleton (D:6)
  14 gnolls
  A howler monkey skeleton (D:4)
  13 adders
  3 shadow imps
  3 oozes
  3 adder skeletons
  5 dart slugs
  6 leopard geckos
  34 orcs
  3 ball pythons
  4 giant cockroaches
  13 goblins
  11 hobgoblins
  6 jackals (D:4)
  13 kobolds
  4 quokkas
  6 bats
  7 frilled lizards
  A jackal skeleton (D:4)
  A leopard gecko zombie (D:9)
  A quokka skeleton (D:9)
  A quokka zombie (D:7)
  10 rats
252 creatures vanquished.

Vanquished Creatures (others)
  A centaur (D:8)
1 creature vanquished.

Grand Total: 253 creatures vanquished

Notes
Turn   | Place    | Note
-------+----------+-------------------------------------------
     0 | D:1      | Freyura the Minotaur Fighter began the quest for the Orb.
     0 | D:1      | Reached XP level 1. HP: 19/19 MP: 0/0
    51 | D:1      | Reached XP level 2. HP: 23/27 MP: 1/1
   259 | D:1      | Reached skill level 1 in Dodging
   268 | D:1      | Reached XP level 3. HP: 33/33 MP: 2/2
   270 | D:1      | Found a glowing silver altar of Zin.
   727 | D:2      | Reached XP level 4. HP: 38/40 MP: 3/3
   800 | D:2      | Reached XP level 5. HP: 32/46 MP: 4/4
   885 | D:2      | Found a burning altar of Makhleb.
  1338 | D:2      | Became a worshipper of Makhleb the Destroyer
  1421 | D:3      | Reached XP level 6. HP: 14/53 MP: 5/5
  2066 | D:3      | Reached * piety under Makhleb
  2082 | D:3      | Found a snail-covered altar of Cheibriados.
  2082 | D:3      | Found an opulent altar of Gozag.
  2211 | D:3      | Reached skill level 5 in Long Blades
  2658 | D:4      | Noticed Menkaure
  2663 | D:4      | Noticed Sigmund
  2664 | D:4      | Killed Menkaure
  2664 | D:4      | Reached skill level 5 in Fighting
  2664 | D:4      | Reached skill level 5 in Armour
  2664 | D:4      | Reached skill level 5 in Shields
  2672 | D:4      | Killed Sigmund
  2672 | D:4      | Reached XP level 7. HP: 34/61 MP: 0/6
  3313 | D:4      | Reached ** piety under Makhleb
  3421 | D:4      | Noticed Pikel
  3430 | D:4      | Reached XP level 8. HP: 70/70 MP: 7/7
  3459 | D:4      | Killed Pikel
  4151 | D:5      | Entered Level 5 of the Dungeon
  4497 | D:5      | Found a basalt altar of Yredelemnul.
  4769 | D:6      | Noticed Edmund
  4793 | D:6      | Killed Edmund
  4855 | D:6      | Got a smoking mace
  4856 | D:6      | Identified the +10 mace of Harmony {pain, rF+++ MP-9 Str+3 Int-4} (You found it on level 6 of the Dungeon)
  4881 | D:6      | Reached skill level 1 in Maces & Flails
  4929 | D:6      | Found a staircase to the Ecumenical Temple.
  4989 | D:6      | Reached skill level 5 in Dodging
  4989 | D:6      | Reached XP level 9. HP: 78/78 MP: 0/8
  5071 | D:6      | Found a sacrificial altar of Ru.
  5072 | D:6      | Found a burning altar of Makhleb.
  5451 | D:7      | Reached *** piety under Makhleb
  5668 | D:7      | Found a shadowy altar of Dithmenos.
  5734 | D:7      | Noticed an unseen horror
  5757 | D:7      | Killed an unseen horror
  5757 | D:7      | Reached skill level 5 in Maces & Flails
  6053 | D:8      | Noticed Maurice
  6068 | D:8      | Killed Maurice
  6068 | D:8      | Reached XP level 10. HP: 88/88 MP: 0/9
  6167 | D:8      | Noticed a two-headed ogre
  6184 | D:8      | Killed a two-headed ogre
  6756 | D:8      | Noticed Prince Ribbit
  6768 | D:8      | Killed Prince Ribbit
  6913 | D:8      | Noticed Joseph
  6925 | D:8      | Killed Joseph
  7010 | D:8      | Reached **** piety under Makhleb
  7360 | D:9      | Found Tafoy's Assorted Antiques.
  7620 | D:9      | Bought a pitted scale mail for 198 gold pieces
  7678 | D:9      | Identified the +1 scale mail of Royalty {*Contam rC- Str+2 Int+8} (You bought it in a shop on level 9 of the Dungeon)
  7735 | D:9      | Gained mutation: You are clumsy. (Dex -2) [mutagenic glow]
  7748 | D:9      | Noticed Grum
  7758 | D:9      | Killed Grum
  7873 | D:9      | Reached XP level 11. HP: 76/97 MP: 1/10
  7916 | D:9      | Killed from afar by a gargoyle

Skill      XL: |  1  2  3  4  5  6  7  8  9 10 11 |
---------------+----------------------------------+-----
Long Blades    | 3 4 5 6 8 |  8.2
Dodging        | 1 2 3 5 6 7 |  7.5
Shields        | 4 5 6 7 9 |  9.1
Fighting       | 4 5 6 7 9 |  9.2
Armour         | 4 5 6 7 9 |  9.2
Maces & Flails | 1 6 8 9 |  9.0

Action                   |  1- 3 |  4- 6 |  7- 9 | 10-12 || total
-------------------------+-------+-------+-------+-------++-------
Melee: Long sword        |   106 |   126 |   168 |       ||   400
       Headbutt          |    17 |    29 |    73 |    40 ||   159
       Mace              |       |       |   122 |   207 ||   329
  Use: Potion            |       |     2 |     1 |       ||     3
       Scroll            |       |       |    13 |     4 ||    17
  Eat: Ration            |       |     2 |     6 |     1 ||     9
       Chunk             |       |       |       |     1 ||     1
Armor: Scale mail        |     4 |       |       |       ||     4
       Chain mail        |    54 |    56 |   131 |     2 ||   243
       Plate armour      |       |       |       |   105 ||   105
Dodge: Dodged            |    27 |    26 |   100 |    93 ||   246
Block: Shield            |    65 |    71 |   178 |   193 ||   507
       Reflection        |       |       |       |     8 ||     8
       Rpst.: Long sword |     6 |     5 |    12 |       ||    23
